 Dungeon Crawl Stone Soup version 0.31.0-9-g3a7656b989 (webtiles) character file.

Game seed: 10500578248082606409

736 Heoruswealwe the Thaumaturge (level 7, -3/36 HPs)
             Began as a Deep Elf Conjurer on Feb 4, 2024.
             Shot with an arrow by a centaur (14 damage)
             ... on level 6 of the Dungeon.
             The game lasted 00:43:49 (4388 turns).

Heoruswealwe the Thaumaturge (Deep Elf Conjurer)    Turns: 4388, Time: 00:43:50

Health: -3/36      AC:  4    Str:  4    XL:     7   Next: 46%
Magic:  5/20       EV: 12    Int: 25    God:
Gold:   266        SH:  0    Dex: 13    Spells: 11/22 levels left

rFire   . . .        a - +0 long sword
rCold   . . .        (no shield)
rNeg    . . .        c - +0 robe
rPois   .            (no helmet)
rElec   .            h - +0 cloak
rCorr   .            f - +0 pair of gloves
SInv    .            (no boots)
Will    .....        (no amulet)
Stlth   ++           k - ring of wizardry
HPRegen 0.26/turn    j - ring of wizardry
MPRegen 0.17/turn

%: wizardry (x2)
@: no status effects
A: no striking features
a: no special abilities


You were on level 6 of the Dungeon.
You visited 1 branch of the dungeon, and saw 6 of its levels.

You collected 266 gold pieces.

Inventory:

Hand Weapons
 a - a +0 long sword (weapon)
Armour
 c - a +0 robe (worn)
 f - a +0 pair of gloves (worn)
 h - a +0 cloak (worn)
 w - a +0 robe
 x - a +0 robe
 y - a +0 robe
 B - a +0 robe
Jewellery
 j - a ring of wizardry (right hand)
 k - a ring of wizardry (left hand)
 p - a ring of flight
Talismans
 m - a granite talisman
 n - a beast talisman
Wands
 o - a wand of flame (12)
Scrolls
 d - 5 scrolls of identify {unknown}
 e - 3 scrolls of silence {unknown}
 i - a scroll of revelation {unknown}
 l - 2 scrolls of vulnerability {unknown}
 t - 2 scrolls of blinking {unknown}
 u - a scroll of noise {unknown}
 D - a scroll of poison {unknown}
Potions
 b - 3 potions of magic
 g - a potion of berserk rage {unknown}
 q - a potion of degeneration {unknown}
 r - a potion of invisibility {unknown}
 s - 2 potions of cancellation {unknown}
 v - 2 potions of heal wounds {unknown}
 z - a potion of lignification {unknown}
 A - 2 potions of mutation {unknown}
 C - 2 potions of might {unknown}


   Skills:
 - Level 2.4 Dodging
 - Level 2.4 Stealth
 + Level 8.2 Spellcasting
 + Level 7.8 Conjurations


You had 11 spell levels left.
You knew the following spells:

 Your Spells              Type           Power      Damage    Failure   Level
a - Magic Dart            Conj           100%       1d8       1%          1
b - Searing Ray           Conj           98%        2d8       1%          2
c - Fulminant Prism       Conj/Alch      14%        3d9       3%          4
d - Iskenderun's Mystic   Conj/Tloc      29%        2d7       3%          4

Your spell library contained the following spells:

 Spells                   Type           Power      Damage    Failure   Level
 Ensorcelled Hibernation  Hex/Ice        20%        N/A       2%          2
 Fugue of the Fallen      Necr           10%        N/A       5%          3
 Anguish                  Hex/Necr       5%         N/A       16%         4
 Manifold Assault         Tloc           10%        N/A       16%         4
 Dispersal                Tloc           5%         N/A       89%         6
 Disjunction              Tloc           5%         N/A       100%        8


Dungeon Overview and Level Annotations

Branches:
Dungeon (6/15)
 Temple: D:4-7

Altars:
Sif Muna
Trog


Message History

The hound closely misses you.
The searing ray hits the hound.
You kill the hound!
A centaur comes into view.
The centaur shouts!
You see here 4 gold pieces.
Casting: Searing Ray (safe; 1% risk of failure)
Confirm with . or Enter, or press ? or * to list all spells.
You can't see any susceptible monsters within range! (Use Z to cast anyway.)
The centaur wields a +0 orcbow.
The centaur shoots an arrow.
The arrow hits you!
The centaur shoots an arrow.
The arrow hits you.
Casting: Searing Ray (safe; 1% risk of failure)
Confirm with . or Enter, or press ? or * to list all spells.
Aiming: Searing Ray (safe; 1% risk of failure)
Press: ? - help, Shift-Dir - straight line, f - centaur
Aim: a centaur, wielding a +0 orcbow (90% to hit)
The searing ray misses the centaur. (Press . to maintain the ray.)
The centaur shoots an arrow.
The arrow hits you.
The searing ray misses the centaur.
The centaur shoots an arrow.
The arrow closely misses you.
The centaur shoots an arrow.
The arrow barely misses you.
The searing ray hits the centaur!
The centaur is moderately wounded.
The searing ray hits the centaur.
The centaur is heavily wounded.
You finish channelling your searing ray.
The centaur shoots an arrow.
The arrow hits you but does no damage.
Casting: Searing Ray (safe; 1% risk of failure)
Confirm with . or Enter, or press ? or * to list all spells.
Aiming: Searing Ray (safe; 1% risk of failure)
Press: ? - help, Shift-Dir - straight line, f/p - centaur
Aim: a centaur, wielding a +0 orcbow (heavily wounded, 90% to hit)
The searing ray hits the centaur.
The centaur is heavily wounded. (Press . to maintain the ray.)
The centaur shoots an arrow.
The arrow hits you!
The searing ray misses the centaur.
The centaur shoots an arrow.
The arrow barely misses you.
The centaur shoots an arrow.
The arrow hits you!
You die...

...........##....# ##.)###
..##.##.....##...##########......
#..######....##..................
##......#.....#..##########......
.............##.#....# ##.#†<..
...###....##......#....#......#..
..##.##h...##...#................
##......#...#..$#.......##...##..
#.....=.#....#..@.c..... #.####.>
#:.#.....#..##.)##..#.#. #. #..
.. ###......##... ...... #. #.. .
.##..#...##... ...... #..
#.......##..##..##...>.. #...
#..........##...# .. .o... .#
...##...##...# . ....o. h..#.#
... ...# ..#.... o...l.. .......


You could see a centaur.

Vanquished Creatures
  2 phantoms
  A scorpion (D:5)
  A howler monkey (D:5)
  2 bombardier beetles (D:5)
  A hound (D:6)
  A jelly (D:5)
  An orc priest (D:4)
  Crazy Yiuf (D:6)
  3 orc wizards
  4 gnolls (D:4)
  6 adders
  A shadow imp (D:5)
  A white imp (D:5)
  3 dart slugs
  2 ribbon worms (D:2)
  17 orcs
  5 ball pythons
  8 endoplasms
  2 giant cockroaches
  3 goblins
  8 hobgoblins
  2 jackals (D:2)
  5 quokkas
  2 bats (D:2)
  2 frilled lizards
  12 kobolds
  5 rats
101 creatures vanquished.

Notes
Turn   | Place    | Note
-------+----------+-------------------------------------------
     0 | D:1      | Heoruswealwe the Deep Elf Conjurer began the quest for the
                  | Orb.
     0 | D:1      | Reached XP level 1. HP: 10/10 MP: 6/6
   373 | D:1      | Reached XP level 2. HP: 12/15 MP: 3/8
   496 | D:1      | Found a faded altar of an unknown god.
   629 | D:1      | Reached skill level 4 in Spellcasting
   827 | D:1      | Reached skill level 5 in Conjurations
   827 | D:1      | Reached XP level 3. HP: 19/19 MP: 6/10
  1061 | D:2      | Learned a level 2 spell: Searing Ray
  1360 | D:2      | Reached XP level 4. HP: 24/24 MP: 0/12
  1674 | D:2      | Reached skill level 5 in Spellcasting
  1694 | D:2      | Learned a level 4 spell: Fulminant Prism
  1699 | D:2      | Learned a level 4 spell: Iskenderun's Mystic Blast
  2356 | D:3      | Found a bloodstained altar of Trog.
  2613 | D:4      | Reached XP level 5. HP: 17/28 MP: 3/15
  2738 | D:4      | Found a shimmering blue altar of Sif Muna.
  2828 | D:4      | Reached skill level 6 in Spellcasting
  3047 | D:4      | Reached XP level 6. HP: 30/32 MP: 9/17
  3235 | D:5      | Entered Level 5 of the Dungeon
  3302 | D:5      | Reached skill level 7 in Spellcasting
  3476 | D:5      | Reached XP level 7. HP: 34/36 MP: 9/19
  4082 | D:6      | Reached skill level 8 in Spellcasting
  4227 | D:6      | Found a runed translucent door.
  4228 | D:6      | Noticed Crazy Yiuf
  4234 | D:6      | Killed Crazy Yiuf
  4388 | D:6      | Shot with an arrow by a centaur

Illustrated notes

Levels and vault maps discovered:
D:1:      spicycebolla_arrival_xxxplode, layout_basic,
          ebering_ecumenical_altar_abandoned
D:2:      layout_basic, minivault_14, minmay_tromino_v4_a
D:3:      layout_basic, general_overflow_altar
D:4:      layout_rooms, kennysheep_orc_sif_temple, kennysheep_decorative_pillar
D:5:      nicolae_cairo_tiling_large_dashed, layout_basic
D:6:      hellmonk_ruined_rings, layout_rooms, mainiacjoe_overflow_paths,
          minmay_temple_entry_sparse_star, uniq_crazy_yiuf_cottage

Skill      XL: |  1  2  3  4  5  6  7 |
---------------+----------------------+-----
Spellcasting   | 4 5 6 7 8 |  8.2
Conjurations   | 5 6 7 |  7.8
Dodging        | |  2.4
Stealth        | |  2.4

Action                     |  1- 3 |  4- 6 |  7- 9 || total
---------------------------+-------+-------+-------++-------
  Melee: Unarmed           |     9 |       |       ||     9
         Short sword       |     6 |     3 |       ||     9
         Long sword        |       |     6 |     3 ||     9
   Cast: Magic Dart        |    87 |    59 |    11 ||   157
         Searing Ray       |     1 |    18 |    12 ||    31
 Armour: Robe              |    14 |    21 |    18 ||    53
  Dodge: Dodged            |    15 |    19 |    10 ||    44
